 Dungeon Crawl Stone Soup version 0.27.1-34-g3ba077fa99 (webtiles) character file.

Game seed: 10473488304629186092

6137 boopmooplesden the Carver (level 10, -6/86 HPs)
             Began as a Minotaur Fighter on Jan 10, 2022.
             Was an Elder of Okawaru.
             Drowned by a quicksilver ooze (7 damage)
             ... on level 1 of the Lair of Beasts.
             The game lasted 00:13:26 (11427 turns).

boopmooplesden the Carver (Minotaur Fighter)       Turns: 11427, Time: 00:13:27

Health: -6/86      AC: 12    Str: 21    XL:     10   Next: 59%
Magic:  0/9        EV: 11    Int:  5    God:    Okawaru [****..]
Gold:   533        SH: 17    Dex: 11    Spells: 9/9 levels left

rFire    . . .     SeeInvis .   F - +4 scimitar "Wafoej" {vorpal, +Rage rPois rCorr Str-2}
rCold    . . .     Faith    .   c - +0 kite shield
rNeg     . . .     Spirit   .   b - +0 scale mail
rPois    +         Reflect  +   m - +1 hat
rElec    .         Harm     .   e - +0 cloak
rCorr    +         Rampage  .   (no gloves)
Will     .....                  I - +0 pair of boots
Stlth    ..........             u - amulet of reflection
HPRegen  0.24/turn              (no ring)
MPRegen  0.11/turn              (no ring)

@: engulfed (cannot breathe)
A: horns 2, retaliatory headbutt
a: Renounce Religion, Evoke Berserk Rage, Heroism


You were on level 1 of the Lair of Beasts.
You worshipped Okawaru.
Okawaru was greatly pleased with you.
You visited 3 branches of the dungeon, and saw 10 of its levels.

You collected 533 gold pieces.

Inventory:

Hand Weapons
 a - a +0 long sword
 F - the +4 scimitar "Wafoej" (weapon) {vorpal, +Rage rPois rCorr Str-2}
   (You acquired it on level 1 of the Lair of Beasts)

   It inflicts extra damage upon your enemies.
   Str:       It affects your strength (-2).
   rPois:     It protects you from poison.
   +Rage:     It lets you go berserk.
   rCorr:     It protects you from acid and corrosion.
Missiles
 n - 29 boomerangs (quivered)
 w - 7 javelins
 B - 3 silver javelins
 H - 3 silver boomerangs
Armour
 b - a +0 scale mail (worn)
 c - a +0 kite shield (worn)
 e - a +0 cloak (worn)
 m - a +1 hat (worn)
 q - the +1 ring mail "Xodafiupn" {rN+ Str-2 Stlth+}
   (You found it on level 4 of the Dungeon)

   Str:       It affects your strength (-2).
   rN:        It protects you from negative energy.
   Stlth:     It makes you more stealthy.
 r - a +0 pair of gloves
 x - a +2 buckler
 I - a +0 pair of boots (worn)
Jewellery
 h - a ring of magical power
 u - an amulet of reflection (around neck)
 y - a +4 ring of protection
 E - a +4 ring of evasion
Wands
 f - a wand of iceblast (9)
 l - a wand of flame (15)
 t - a wand of mindburst (8)
Scrolls
 j - 3 scrolls of teleportation
 s - 7 scrolls of identify
 z - a scroll of silence
 C - a scroll of blinking
 G - a scroll of summoning {unknown}
 J - 2 scrolls of enchant weapon {unknown}
Potions
 d - a potion of degeneration {unknown}
 g - 5 potions of curing
 i - 3 potions of brilliance {unknown}
 k - 2 potions of flight {unknown}
 o - a potion of lignification {unknown}
 p - a potion of attraction {unknown}
 v - a potion of magic {unknown}
 A - a potion of mutation {unknown}
 D - a potion of cancellation {unknown}
 K - a potion of might
 L - 2 potions of heal wounds {unknown}


   Skills:
 + Level 7.1 Fighting
 + Level 10.7 Long Blades
 + Level 1.4 Throwing
 + Level 9.6 Armour
 + Level 5.4 Dodging
 + Level 1.2 Stealth
 + Level 10.1 Shields
 + Level 1.0 Invocations
 + Level 0.8 Evocations


You had 9 spell levels left.
You didn't know any spells.
Your spell library contained the following spells:

 Spells                   Type           Power      Damage    Failure   Level
 Sublimation of Blood     Necr           0%         N/A       98%         2
 Petrify                  Tmut/Erth      0%         N/A       100%        4
 Freezing Cloud           Conj/Ice/Air   0%         6-21      100%        5
 Irradiate                Conj/Tmut      0%         3d13      100%        5
 Simulacrum               Ice/Necr       0%         N/A       100%        6
 Polar Vortex             Ice            0%         N/A       100%        9


Dungeon Overview and Level Annotations

Branches:
Dungeon (8/15)             Temple (1/1) D:5            Lair (1/6) D:8

Altars:
Ashenzari
Cheibriados
Dithmenos
Elyvilon
Fedhas
Gozag
Hepliaklqana
Kikubaaqudgha
Makhleb
Nemelex Xobeh
Okawaru
Qazlal
Ru
Sif Muna
Trog
Uskayaw
Vehumet
Wu Jian
Xom
Yredelemnul
Zin
The Shining One
Jiyva

Shops:
D:4 (

Annotations:
Lair:1 ticklebelly's ghost, journeyman MiBe


Innate Abilities, Weirdness & Mutations

You have a pair of horns on your head.
You reflexively headbutt those who attack you in melee.


Message History

You hit the quicksilver ooze. You headbutt the quicksilver ooze.
The quicksilver ooze is lightly wounded.
The quicksilver ooze hits you! The quicksilver ooze engulfs you!
The quicksilver ooze barely misses you.
You slash the quicksilver ooze!
Your headbutt misses the quicksilver ooze.
The quicksilver ooze is moderately wounded.
Your lungs strain for air!
You block the quicksilver ooze's attack. x2
You closely miss the quicksilver ooze.
The quicksilver ooze is moderately wounded.
Your lungs strain for air!
The quicksilver ooze hits you.
You block the quicksilver ooze's attack.
You slash the quicksilver ooze!
Your headbutt misses the quicksilver ooze.
The quicksilver ooze is severely wounded.
Your lungs strain for air!
The quicksilver ooze hits you!
* * * LOW HITPOINT WARNING * * *
The quicksilver ooze barely misses you.
You feel better.
* * * LOW HITPOINT WARNING * * *
Your lungs strain for air!
You feel like a meek peon again. The quicksilver ooze hits you.
The quicksilver ooze hits you but does no damage.
You block the quicksilver ooze's attack.
The quicksilver ooze hits you but does no damage.
You hit the quicksilver ooze.
Your headbutt misses the quicksilver ooze.
The quicksilver ooze is severely wounded.
* * * LOW HITPOINT WARNING * * *
Your lungs strain for air!
The quicksilver ooze closely misses you.
The quicksilver ooze hits you!
* * * LOW HITPOINT WARNING * * *
You miss the quicksilver ooze.
The quicksilver ooze is severely wounded.
You die...

##.### #..'....$!#......
##....####..'....:_###...#
##>.....##JJ.'J....( ###.##
#.........W..#.....# #...#
#.......J.##.##...#####.##
#.........#########.....#
##........##.#.........#.##
#.......JJ##..............##
#........JJ@.#.............#
#........W####..............
##...(....# #..............
#........# ###............
#.......## #.#######...[
##......# ### ##... #......#
##.. #.....## ### #####..
##...## ##.###P.....


You could see 2 slime creatures, a quicksilver ooze, a jelly and ticklebelly's
ghost.

Vanquished Creatures
  2 two-headed ogres
  Pikel (D:6)
  2 polar bears (Lair:1)
  A hornet (D:7)
  Sigmund (D:6)
  A basilisk (Lair:1)
  Eustachio (D:4)
  A steam dragon (D:7)
  Edmund (D:6)
  5 water moccasins
  2 orc warriors
  A necrophage (D:4)
  A sky beast (D:6)
  3 ogres
  3 wolves (Lair:1)
  2 phantoms
  4 centaurs
  A kobold brigand (D:7)
  5 bullfrogs
  2 scorpions
  2 water moccasin skeletons
  A bullfrog zombie (D:6)
  A hound (D:5)
  A jelly (D:8)
  2 orc priests
  A bullfrog skeleton (D:5)
  A centaur skeleton (D:4)
  5 iguanas
  4 orc wizards
  A killer bee zombie (D:5)
  Robin (D:2)
  4 gnolls (D:4)
  2 howler monkey skeletons
  7 adders
  An adder skeleton (D:3)
  3 worms
  23 orcs
  5 endoplasms
  6 giant cockroaches
  13 goblins
  12 hobgoblins
  2 jackals (D:1)
  10 kobolds
  6 quokkas
  2 ball pythons
  3 bats
  6 frilled lizards
  7 rats
172 creatures vanquished.

Vanquished Creatures (others)
  A human (D:6)
  2 plants
3 creatures vanquished.

Grand Total: 175 creatures vanquished

Notes
Turn   | Place    | Note
-------+----------+-------------------------------------------
     0 | D:1      | boopmooplesden the Minotaur Fighter began the quest for the
                  | Orb.
     0 | D:1      | Reached XP level 1. HP: 19/19 MP: 0/0
    48 | D:1      | Reached XP level 2. HP: 19/27 MP: 1/1
  1182 | D:2      | Reached XP level 3. HP: 29/33 MP: 2/2
  1453 | D:2      | Noticed Robin
  1475 | D:2      | Reached XP level 4. HP: 9/40 MP: 3/3
  1481 | D:2      | Killed Robin
  1482 | D:2      | Reached skill level 1 in Dodging
  1972 | D:3      | Found a burning altar of Makhleb.
  2372 | D:3      | Reached XP level 5. HP: 10/46 MP: 4/4
  3001 | D:3      | Reached skill level 5 in Armour
  3299 | D:4      | Noticed an ogre
  3305 | D:4      | Killed an ogre
  3306 | D:4      | Reached skill level 5 in Long Blades
  3306 | D:4      | Reached XP level 6. HP: 37/53 MP: 5/5
  3606 | D:4      | Identified the +1 ring mail "Xodafiupn" {rN+ Str-2 Stlth+}
  3740 | D:4      | Found Riukug's Weapon Boutique.
  4027 | D:4      | Reached XP level 7. HP: 60/60 MP: 6/6
  4089 | D:4      | Noticed Eustachio
  4152 | D:4      | Killed Eustachio
  4153 | D:4      | Reached skill level 5 in Shields
  4567 | D:4      | Reached skill level 5 in Fighting
  4735 | D:4      | Found a glowing golden altar of the Shining One.
  4899 | D:5      | Entered Level 5 of the Dungeon
  5243 | D:5      | Found a staircase to the Ecumenical Temple.
  5300 | Temple   | Entered the Ecumenical Temple
  5310 | Temple   | Became a worshipper of Warmaster Okawaru
  5419 | D:5      | Reached XP level 8. HP: 68/68 MP: 7/7
  5432 | D:5      | Found an ornate altar of the Wu Jian Council.
  5432 | D:5      | Found a hide-covered altar of Uskayaw.
  6056 | D:6      | Noticed a two-headed ogre
  6067 | D:6      | HP: 1/69 [two-headed ogre (10)]
  6477 | D:6      | Noticed Pikel
  6512 | D:6      | Killed Pikel
  6512 | D:6      | Reached * piety under Okawaru
  6512 | D:6      | Reached ** piety under Okawaru
  6600 | D:6      | Killed a two-headed ogre
  6600 | D:6      | Reached *** piety under Okawaru
  6601 | D:6      | Reached skill level 1 in Throwing
  6601 | D:6      | Reached XP level 9. HP: 53/75 MP: 6/8
  6882 | D:6      | Found an ancient bone altar of Kikubaaqudgha.
  7477 | D:6      | Noticed Edmund
  7481 | D:6      | Noticed Sigmund
  7488 | D:6      | Killed Edmund
  7499 | D:6      | Killed Sigmund
  8000 | D:7      | Noticed a two-headed ogre
  8024 | D:7      | Killed a two-headed ogre
  8024 | D:7      | Received a gift from Okawaru
  8025 | D:7      | Reached skill level 1 in Stealth
  8411 | D:7      | Paralysed by a hornet for 3 turns
  8421 | D:7      | Reached XP level 10. HP: 33/84 MP: 7/9
  8669 | D:7      | Reached skill level 5 in Dodging
  8947 | D:7      | Reached **** piety under Okawaru
  9181 | D:8      | Reached skill level 10 in Long Blades
  9451 | D:8      | Found a staircase to the Lair.
  9741 | D:8      | Found a white marble altar of Elyvilon.
 10027 | D:8      | Found a hazy altar of Hepliaklqana.
 10170 | Lair:1   | Entered Level 1 of the Lair of Beasts
 10213 | Lair:1   | Reached skill level 10 in Shields
 10214 | Lair:1   | Identified a scroll of acquirement
 10214 | Lair:1   | Acquired the +4 scimitar "Wafoej" {vorpal, +Rage rPois
                  | rCorr Str-2}
 11026 | Lair:1   | Reached skill level 1 in Invocations
 11291 | Lair:1   | Found a runed translucent gate.
 11291 | Lair:1   | Found a runed translucent gate.
 11291 | Lair:1   | Found a runed translucent gate.
 11295 | Lair:1   | Noticed a quicksilver ooze
 11295 | Lair:1   | Noticed ticklebelly's ghost (journeyman MiBe)
 11408 | Lair:1   | Found a viscous altar of Jiyva.
 11426 | Lair:1   | HP: 1/86 [quicksilver ooze (11)]
 11427 | Lair:1   | Drowned by a quicksilver ooze

Illustrated notes

Levels and vault maps discovered:
D:1:      minmay_arrival_up_and_down, layout_basic
D:2:      layout_basic, minmay_pentomino_q2, uniq_robin
D:3:      kb_forest_paths, layout_basic, bloody_makhleb, hangedman_decor_lopped
D:4:      cheibrodos_helix_gallery, layout_basic, lemuel_coloured_pillars_altar,
          serial_shops, nicolae_lakefront_shop, uniq_eustachio
D:5:      layout_cave_pods, chequers_temple_overflow_statue_of_worship,
          minmay_temple_entry_ruins, corexii_hall_statues_i
D:6:      layout_gridville, tgw_kikubaaqudgha, sigmund_edmund_badplayer,
          uniq_pikel, uniq_edmund
D:7:      layout_loops_cross
D:8:      layout_loops_cross, nicolae_hepliaklqana_hippocampus,
          mainiacjoe_overflow_small_starburst, lair_entry_dummy,
          minmay_misc_feat_rugged, kennysheep_cluttered_room,
          grunt_ministairs_14
Temple:   nicolae_temple_no_exploring_needed
Lair:1:   layout_cave_pods, gammafunk_ghost_ooze, beast_lair_carwin_6

Skill      XL: |  1  2  3  4  5  6  7  8  9 10 |
---------------+-------------------------------+-----
Shields        | 4 5 7 9 10 | 10.1
Armour         | 4 5 6 8 9 |  9.6
Long Blades    | 3 4 5 7 8 9 10 | 10.7
Dodging        | 1 2 3 4 5 |  5.4
Fighting       | 4 5 6 7 |  7.1
Throwing       | 1 |  1.4
Stealth        | 1 |  1.2
Invocations    | 1 |  1.0
Evocations     | |  0.8

Action                   |  1- 3 |  4- 6 |  7- 9 | 10-12 || total
-------------------------+-------+-------+-------+-------++-------
Melee: Long sword        |   107 |   117 |   266 |    99 ||   589
       Headbutt          |    15 |    29 |    57 |    38 ||   139
       Scimitar          |       |       |       |    32 ||    32
Throw: Boomerang         |       |     3 |     6 |       ||     9
Invok: Heroism           |       |       |     4 |     4 ||     8
Evoke: Wand              |       |       |     4 |       ||     4
  Use: Scroll            |     2 |     2 |     5 |     3 ||    12
       Potion            |       |     1 |       |     1 ||     2
Armor: Scale mail        |    58 |    54 |    55 |    74 ||   241
Dodge: Dodged            |    35 |    40 |    58 |    44 ||   177
Block: Kite shield       |    65 |    46 |   167 |   131 ||   409
       Reflection        |       |       |     1 |     4 ||     5
       Rpst.: Long sword |     8 |    11 |    18 |     6 ||    43
       Scimitar          |       |       |       |     6 ||     6
